AoeStats
← ogipochi_

Arena

509033808Analyzed
4v4 RM · 8d ago on Sep 25, 2026· 55m 12s· 8 players
Game mode
Random Map
Map size
Large (8 player)
Population
200
Speed
Normal
Resources
Standard
Victory
Conquest
Starting age
Dark Age
Ending age
Imperial Age
RankedLock teamsTeams togetherTeam positionsShared explorationLock speedFull tech treeHidden civsTurbo modeCheats
Victory
Defeat
🇨🇳 Gurjaras · China
928
+9
🇲🇽 Dravidians · Mexico
927
+10
🇺🇸 Celts · United States
914
+10
🇺🇸 Italians · United States
689
+18
🇨🇱 Wei · Chile
799
-13
🇯🇵 Saxons · Japan
785
-12
🇨🇱 Jurchens · Chile
770
-12
🇯🇵 Vikings · Japan
731
-10
ogipochi_
8:23 Loom
11:27 Feudal Age
9:44 Loom
12:22 Double-Bit Axe
12:41 Stone Mining
13:31 Wheelbarrow
15:59 Castle Age
14:20 Horse Collar
15:22 Gold Mining
16:01 Fletching
16:41 Padded Archer Armor
22:55 Bow Saw
24:48 Bodkin Arrow
25:51 Ballistics
26:08 Heavy Plow
26:45 Leather Archer Armor
28:01 Thumb Ring
28:40 Caravan
29:24 Elite Skirmisher
30:20 Fortified Wall
33:00 Imperial Age
30:55 Murder Holes
33:10 Cranequins
33:38 Heavy Mounted Crossbowman
36:14 Arson
36:29 Squires
36:15 Gambesons
36:32 Elite Varangian Guard
36:33 Pikeman
39:27 Halberdier
41:37 Forging
41:28 Scale Mail Armor
43:55 Onager
47:48 Chemistry
46:54 Siege Engineers
47:28 Iron Casting
47:09 Chain Mail Armor
46:55 Bracer
47:26 Ring Archer Armor
Shalashaska
0:28 Loom
10:23 Feudal Age
11:02 Horse Collar
14:19 Gold Mining
17:31 Castle Age
15:32 Stone Mining
19:41 Heavy Plow
19:29 Double-Bit Axe
22:40 Bow Saw
23:09 Gold Shaft Mining
25:23 Wheelbarrow
24:33 Town Watch
25:54 Murder Holes
26:10 Masonry
26:13 Fortified Wall
26:54 Fletching
29:41 Fortified Bastions
34:13 Imperial Age
33:04 Pikeman
33:45 Squires
33:57 Bodkin Arrow
35:46 Bracer
37:29 Chemistry
36:37 Siege Engineers
37:22 Forging
37:13 Scale Mail Armor
38:16 Two-Man Saw
40:24 Hand Cart
40:10 Town Patrol
40:48 Stone Shaft Mining
43:46 Ballistics
48:29 Thunderclap Bombs
48:53 Elite Iron Pagoda
50:07 Conscription
52:01 Iron Casting
aa6sec555
0:59 Loom
12:56 Feudal Age
14:00 Double-Bit Axe
14:09 Gold Mining
14:13 Stone Mining
19:37 Castle Age
27:21 Imperial Age
26:07 Forging
27:08 Gold Shaft Mining
29:15 Bow Saw
29:36 Scale Barding Armor
29:31 Scale Mail Armor
30:06 Iron Casting
29:21 Horse Collar
31:08 Two-Man Saw
32:09 Pikeman
40:02 Chain Mail Armor
40:07 Chain Barding Armor
40:47 Blast Furnace
39:37 Fletching
39:47 Padded Archer Armor
40:22 Heavy Plow
43:02 Plate Mail Armor
43:22 Crop Rotation
49:27 Light Cavalry
50:23 Town Watch
セバスティアン
5:29 Loom
10:35 Feudal Age
11:23 Double-Bit Axe
17:16 Castle Age
18:17 Bow Saw
18:44 Scale Barding Armor
26:45 Horse Collar
31:27 Imperial Age
29:03 Husbandry
29:34 Forging
30:18 Chain Barding Armor
30:46 Bloodlines
31:09 Heavy Plow
32:15 Gold Mining
32:35 Stone Mining
32:10 Light Cavalry
33:38 Iron Casting
34:55 Tuntian
34:54 Heavy Hei Guang Cavalry
36:28 Gold Shaft Mining
36:35 Squires
38:08 Blast Furnace
38:47 Wheelbarrow
39:15 Ming Guang Armor
40:52 Chemistry
39:53 Elite Tiger Cavalry
41:14 Hand Cart
40:25 Capped Ram
41:40 Scale Mail Armor
42:46 Conscription
43:10 Chain Mail Armor
42:32 Siege Ram
45:05 Crop Rotation
44:40 Pikeman
45:01 Hussar
46:24 Halberdier
50:09 Fletching
51:24 Bodkin Arrow
51:53 Ballistics
51:45 Masonry
51:16 Treadmill Crane
53:20 Hoardings
52:37 Heavy Scorpion
zafishroc
11:04 Feudal Age
11:35 Double-Bit Axe
11:32 Horse Collar
18:10 Castle Age
16:59 Gold Mining
17:00 Stone Mining
19:18 Bow Saw
22:59 Heavy Plow
23:48 Wheelbarrow
25:10 Hand Cart
25:23 Silk Road
30:43 Imperial Age
28:49 Squires
28:35 Arson
30:58 Forging
30:49 Scale Mail Armor
32:25 Chemistry
33:01 Stone Shaft Mining
33:30 Iron Casting
33:10 Chain Mail Armor
35:12 Blast Furnace
37:31 Caravan
39:15 Conscription
41:58 Plate Mail Armor
43:52 Guilds
51:24 Two-Man Saw
50:59 Crop Rotation
53:10 Fletching
LV Chris R7
3:36 Loom
13:07 Feudal Age
19:39 Castle Age
18:35 Horse Collar
18:45 Double-Bit Axe
19:33 Gold Mining
23:15 Wheelbarrow
25:43 Heavy Plow
27:13 Hand Cart
31:25 Pikeman
32:06 Squires
31:51 Gambesons
31:52 Arson
33:41 Medical Corps
37:51 Scale Barding Armor
37:57 Forging
37:48 Scale Mail Armor
39:57 Bow Saw
43:15 Imperial Age
43:44 Iron Casting
43:25 Chain Mail Armor
44:54 Wootz Steel
44:08 Halberdier
53:33 Blast Furnace
hank
12:59 Feudal Age
15:32 Wheelbarrow
14:57 Horse Collar
15:06 Double-Bit Axe
18:13 Castle Age
16:40 Gold Mining
16:41 Stone Mining
19:26 Loom
20:19 Bow Saw
20:44 Heavy Plow
21:49 Hand Cart
21:21 Loom
32:23 Imperial Age
30:03 Fletching
30:14 Padded Archer Armor
29:46 Elite Skirmisher
29:49 Pikeman
30:15 Arson
30:15 Gambesons
32:06 Forging
31:51 Bodkin Arrow
32:12 Leather Archer Armor
31:58 Scale Mail Armor
32:36 Ballistics
34:15 Ring Archer Armor
34:20 Iron Casting
34:01 Chain Mail Armor
35:34 Chemistry
34:17 Halberdier
34:34 Capped Ram
35:21 Siege Ram
37:22 Blast Furnace
36:53 Plate Mail Armor
39:48 Heavy Scorpion
45:35 Siege Engineers
52:58 Heavy Mounted Crossbowman
打不过
1:15 Loom
11:13 Feudal Age
12:56 Double-Bit Axe
16:14 Castle Age
14:44 Horse Collar
17:11 Stone Mining
20:16 Bow Saw
24:15 Gold Mining
25:46 Heavy Plow
26:44 Fletching
31:18 Kshatriyas
31:27 Scale Barding Armor
32:41 Forging
33:12 Bloodlines
33:27 Chain Barding Armor
34:00 Iron Casting
36:50 Wheelbarrow
38:46 Imperial Age
36:41 Town Watch
38:59 Heavy Camel Rider
39:48 Husbandry
40:12 Masonry
39:43 Treadmill Crane
42:10 Hand Cart
42:11 Elite Shrivamsha Rider
43:39 Conscription
44:15 Hand Cart
44:38 Crop Rotation
45:27 Plate Barding Armor
45:59 Gold Shaft Mining
45:25 Bodkin Arrow
47:15 Caravan
48:17 Frontier Guards
49:35 Chemistry
49:06 Architecture
49:14 Fervor
49:45 Stone Shaft Mining
49:29 Light Cavalry
51:43 Hoardings
51:17 Town Patrol
53:42 Frontier Guards
Connection lost

Rejoining the realm…

Still unreachable

The connection could not be restored.

Session expired

The server has moved on; the page needs a fresh start.